 Dungeon Crawl Stone Soup version 0.27-a0-1084-g78b3836a5f (webtiles) character file.

Game seed: 4619577571891362558

94 voltaire321 the Ducker (level 4, -4/33 HPs)
             Began as an Octopode Fighter on Apr 27, 2021.
             Killed by nerve-wracking pain
             ... invoked by an orc priest
              (14 damage)
             ... on level 3 of the Dungeon.
             The game lasted 00:05:00 (2216 turns).

voltaire321 the Ducker (Octopode Fighter)           Turns: 2216, Time: 00:05:01

Health: -4/33      AC:  1    Str: 15    XL:     4   Next: 63%
Magic:  4/4        EV: 11    Int: 10    God:
Gold:   70         SH:  9    Dex: 12    Spells: 0/3 levels left

rFire    . . .     SeeInvis .   a - +0 trident
rCold    . . .     Faith    .   b - +0 kite shield
rNeg     . . .     Spirit   .   (helmet restricted)
rPois    .         Reflect  .   (no amulet)
rElec    .         Harm     .   (no ring)
rCorr    .         Rampage  .   (no ring)
Will     .....                  (no ring)
Stlth    ++........             (no ring)
HPRegen  0.11/turn              (no ring)
MPRegen  0.09/turn              (no ring)
                                (no ring)
                                (no ring)

@: no status effects
A: almost no armour, amphibious, 8 rings, camouflage 1, gelatinous body 1,
(nimble swimmer 1), tentacles
a: no special abilities


You were on level 3 of the Dungeon.
You visited 1 branch of the dungeon, and saw 3 of its levels.

You collected 70 gold pieces.

Inventory:

Hand Weapons
 a - a +0 trident (weapon)
 f - a +1 spear of pain
Missiles
 l - 6 boomerangs (quivered)
Armour
 b - a +0 kite shield (worn)
Scrolls
 d - a scroll of identify {unknown}
 e - a scroll of teleportation {unknown}
 g - 2 scrolls of immolation {unknown}
 i - a scroll of blinking {unknown}
Potions
 c - a potion of might
 h - 2 potions of mutation {unknown}
 j - a potion of magic {unknown}
 k - a potion of invisibility {unknown}
 m - a potion of degeneration {unknown}


   Skills:
 + Level 3.6 Fighting
 + Level 2.9 Polearms
 + Level 3.6 Dodging
 + Level 3.6 Shields


You couldn't memorise any spells.
You knew the following spells:

 Your Spells              Type           Power      Damage    Failure   Level
a - Call Canine Familiar  Summ           0%         N/A       99%         3

Your spell library contained the following spells:

 Spells                   Type           Power      Damage    Failure   Level
 Magic Dart               Conj           0%         1d3       86%         1
 Summon Small Mammal      Summ           0%         N/A       86%         1
 Call Imp                 Summ           0%         N/A       94%         2
 Passwall                 Tmut/Erth      0%         N/A       94%         2
 Searing Ray              Conj           0%         3d3       94%         2
 Dazzling Flash           Conj/Hex       0%         N/A       99%         3
 Summon Guardian Golem    Hex/Summ       0%         N/A       99%         3
 Swiftness                Air            0%         N/A       99%         3
 Fulminant Prism          Conj/Hex       0%         3d6       100%        4
 Iskenderun's Mystic Bla  Conj/Tloc      0%         2d3       100%        4
 Passage of Golubria      Tloc           N/A        N/A       100%        4
 Summon Ice Beast         Ice/Summ       0%         N/A       100%        4
 Summon Lightning Spire   Summ/Air       0%         N/A       100%        4
 Lee's Rapid Deconstruct  Erth           0%         3d5*      100%        5
 Invisibility             Hex            0%         N/A       100%        6


Dungeon Overview and Level Annotations

Branches:
Dungeon (3/15)

Altars:
Vehumet


Innate Abilities, Weirdness & Mutations

You cannot wear most types of armour.
You are amphibious.
You can wear up to eight rings at the same time.
Your skin changes colour to match your surroundings (Stealth+).
Your rubbery body absorbs attacks. (AC +1, EV +1)
((You are camouflaged near water. (Stealth+)))
You have tentacles for arms and can constrict up to eight enemies at once.


Message History

A kobold comes into view. It is wielding a +0 club.
The kobold shouts!
You puncture the kobold!
You kill the kobold!
Found 12 gold pieces.
Things that are here:
a +0 club; a kobold corpse An orc comes into view.
It is wielding a +0 flail.
An orc priest comes into view. It is wielding a +0 hand axe.
An orc comes into view. It is wielding a +0 club.
An orc priest comes into view. It is wielding a +0 hand axe.
You reach to attack!
The orc shouts!
The orc priest shouts!
You hit the orc priest but do no damage.
You hear an angry hiss.
The orc priest hits you with a +0 hand axe.
The orc priest invokes the aid of Beogh against you.
Beogh smites you!
You hear a shout!
You are too injured to fight recklessly!
You closely miss the orc priest. You grab the orc priest.
You squeeze the orc priest!
The orc priest is severely wounded.
You constrict the orc priest. You block the orc priest's attack.
You hit the orc priest.
The orc priest is almost dead.
You constrict the orc priest.
You kill the orc priest!
You hit the orc priest. You grab the orc priest.
The orc priest is lightly wounded.
You constrict the orc priest, but do no damage.
You block the orc priest's attack.
A frilled lizard comes into view.
The orc priest hits you with a +0 hand axe.
You hit the orc priest.
The orc priest is moderately wounded.
You constrict the orc priest.
The orc priest mumbles some strange prayers to Beogh against you.
Pain shoots through your body!
You die...

.... .... #. ## .l.
#.##. #..
#....###.#######
#.......o......#
#.#.#.#o#......#
#......o@......+
#.#.#.#.#......#
#..............#
..#.#.#.#.......
................
+##.#.#.#)#.......
...................
......(.###.#.......
.........###......##


You could see an orc priest, 2 orcs and a frilled lizard.

Vanquished Creatures
  An orc priest (D:3)
  An adder (D:2)
  A worm (D:2)
  A dart slug (D:2)
  5 endoplasms
  A giant cockroach (D:1)
  8 goblins
  4 hobgoblins
  3 jackals (D:2)
  3 ball pythons
  5 bats
  2 frilled lizards (D:1)
  7 kobolds
  3 rats
45 creatures vanquished.

Notes
Turn   | Place    | Note
-------+----------+-------------------------------------------
     0 | D:1      | voltaire321 the Octopode Fighter began the quest for the
                  | Orb.
     0 | D:1      | Reached XP level 1. HP: 16/16 MP: 1/1
   254 | D:1      | Reached XP level 2. HP: 21/21 MP: 2/2
   494 | D:1      | Found a faded altar of an unknown god.
  1022 | D:2      | Reached XP level 3. HP: 22/26 MP: 3/3
  1684 | D:2      | Found a radiant altar of Vehumet.
  1732 | D:2      | Reached XP level 4. HP: 27/31 MP: 4/4
  1736 | D:2      | Learned a level 3 spell: Call Canine Familiar
  2216 | D:3      | Killed from afar by an orc priest

Illustrated notes

Levels and vault maps discovered:
D:1:      dpeg_arrival_tiny_c, layout_basic,
          shapermc_ecumenical_altar_mp_vishouse, minivault_23
D:2:      layout_basic, basic_altar
D:3:      layout_basic, nicolae_dithmenos_through_a_glass_darkly, serial_glass,
          glass_columns_c, glass_columns_a, glass_columns_b, glass_columns_a,
          glass_columns_a

Action                   |  1- 3 |  4- 6 || total
-------------------------+-------+-------++-------
Melee: Trident           |    82 |    17 ||    99
       Constrict         |    18 |     4 ||    22
       Tentacles         |    10 |     2 ||    12
 Stab: Sleeping          |    11 |     2 ||    13
Armor: Skin              |     6 |     3 ||     9
Dodge: Dodged            |    24 |     3 ||    27
Block: Kite shield       |    25 |     9 ||    34

Table legend: (Time is in decaauts)
 A = Elapsed time spent in this place.
 B = Non-inter-level travel time spent in this place.
 C = Inter-level travel time spent in this place.
 D = Time resting spent in this place.
 E = Time spent auto-exploring this place.
 F = Levels seen in this place.
 G = Mean time per level.
                   A        B        C        D        E       F      G
               +--------+--------+--------+--------+--------+-----+--------+
         Total |   2255 |   2211 |     44 |    248 |   1614 |   3 |  751.7 |
       Dungeon |   2255 |   2211 |     44 |    248 |   1614 |   3 |  751.7 |
               +--------+--------+--------+--------+--------+-----+--------+

Top non-repeatable levels by time:
     D:2: 1173 daAuts
     D:1: 1029 daAuts
     D:3: 52 daAuts
